 Dungeon Crawl Stone Soup version 0.19-a0-330-g034cfd4 (webtiles) character file.

3072 Charmandara the Grappler (level 9, -5/64 HPs)
             Began as a Purple Draconian Transmuter on May 27, 2016.
             Was an Initiate of Ru.
             Killed by divine providence
             ... invoked by an orc priest
              (16 damage)
             ... on level 7 of the Dungeon on May 28, 2016.
             The game lasted 00:30:53 (9294 turns).

Charmandara the Grappler (DrTm)                     Turns: 9294, Time: 00:30:54

Health: -5/64      AC: 10    Str: 12    XL:     9   Next: 58%
Magic:  12/12      EV: 12    Int: 18    God:    Ru [......]
Gold:   454        SH:  0    Dex: 11    Spells: 3 memorised, 6 levels left

rFire  . . .     SeeInvis .     C - +1 broad axe (vamp) {!w}
rCold  . . .     Gourm    .     (armour unavailable)
rNeg   . . .     Faith    +     (no shield)
rPois  .         Spirit   .     (helmet restricted)
rElec  .         Dismiss  .     w - +0 cloak
rCorr  .         Reflect  .     v - +1 pair of gloves
SustAt .         Harm     .     (no boots)
MR     +....                    p - amulet of faith {Faith, !P}
Stlth  +.........               (no ring)
                                (no ring)

@: somewhat resistant to hostile enchantments, very unstealthy
A: breathe power, unfitting armour, cold-blooded, AC +7
a: Breathe Dispelling Energy, Renounce Religion


You were on level 7 of the Dungeon.
You worshipped Ru.
Ru was noncommittal.
You were not hungry.

You visited 1 branch of the dungeon, and saw 7 of its levels.
You also visited: Sewer.

You collected 454 gold pieces.

Inventory:

Hand Weapons
 c - a +4 quarterstaff of chaos
   (You took it off Crazy Yiuf on level 4 of the Dungeon)
 k - a +1 dagger of distortion {!w}
   (You took it off a hobgoblin on level 7 of the Dungeon)
 o - the cursed +1 hand axe of the Wary Suns {chop, rPois, unknown}
   (You found it on level 6 of the Dungeon)

   It inflicts extra damage upon your enemies.
   It protects you from poison.
   It has a curse placed upon it.
 C - a +1 vampiric broad axe (weapon) {!w}
   (You took it off Blork the orc on level 4 of the Dungeon)
 E - a +1 dagger of venom
   (You took it off an orc on level 7 of the Dungeon)
 H - a +2 mace of crushing
   (You took it off an orc priest on level 5 of the Dungeon)
Missiles
 a - 52 arrows
 f - 2 poisoned tomahawks (quivered)
 n - a throwing net {=f, !d}
 G - 7 tomahawks
Armour
 j - a +0 chain mail
   (You found it on level 2 of the Dungeon)
 v - a +1 pair of gloves (worn)
   (You found it on level 3 of the Dungeon)
 w - a +0 cloak (worn)
   (You found it on level 3 of the Dungeon)
Jewellery
 p - an amulet of faith (around neck) {Faith, !P}
   (You found it on level 2 of the Dungeon)
Wands
 r - a wand of flame (0/48)
   (You found it on level 2 of the Dungeon)
 y - a wand of lightning (0/15)
   (You found it on level 7 of the Dungeon)
 A - a wand of lightning (0/15)
   (You found it on level 3 of the Dungeon)
 D - a wand of slowing (0/48)
   (You took it off Blork the orc on level 4 of the Dungeon)
 K - a wand of slowing (11/48)
   (You found it on level 6 of the Dungeon)
Scrolls
 d - 2 scrolls of blinking {!r}
 e - 4 scrolls of remove curse
 h - 2 scrolls of amnesia
 l - a scroll of magic mapping {!r}
 u - 3 scrolls of teleportation
 I - a scroll of enchant armour
Potions
 g - 3 potions of cure mutation {!q}
 q - a potion of magic
 t - a potion of haste {unknown}
 x - a potion of resistance
 z - a potion of degeneration {!q}
 B - a potion of agility
 F - a potion of curing
 J - a potion of flight {unknown}
Books
 b - a book of Changes
 m - a book of Maledictions
   (You found it on level 5 of the Dungeon)
 L - a book of Power
   (You found it on level 6 of the Dungeon)
Comestibles
 i - a bread ration {@e1}
 s - a beef jerky
 M - 4 fruits
 N - 4 chunks of flesh {@w0}


   Skills:
 - Level 1.1 Fighting
 * Level 9.4 Axes
 - Level 1.7 Dodging
 - Level 10.0 Unarmed Combat
 - Level 2.4 Spellcasting
 - Level 2.0 Transmutations


You had 6 spell levels left.
You knew the following spells:

 Your Spells              Type           Power        Failure   Level  Hunger
a - Beastly Appendage     Tmut           #.....       10%         1    #......
c - Spider Form           Tmut/Pois      #.........   34%         3    ###....
s - Sticks to Snakes      Tmut           #.......     12%         2    ##.....


Dungeon Overview and Level Annotations

Branches:
Dungeon (7/15)
 Temple: D:4-7

Altars:
Dithmenos
Kikubaaqudgha
Pakellas
Qazlal
Ru
Trog

Shops:
D:5 [

Annotations:
D:4 exclusion: Sigmund
D:7 Duvessa


Innate Abilities, Weirdness & Mutations

You can breathe bolts of dispelling energy.
Your rich purple scales are hard (AC +7).
Your body does not fit into most forms of armour.
You are cold-blooded and may be slowed by cold attacks.


Message History

The worker ant moves out of view.
Found an escape hatch in the floor.
Eating a chunk of flesh {@w0}.
You continue eating.
The worker ant twitches its antennae in your direction.
You continue eating.
The worker ant barely misses you.
You closely miss the worker ant.
Your tail-slap misses the worker ant.
The worker ant misses you.
The worker ant bites you but does no damage.
You hit the worker ant. The worker ant bites you.
You are poisoned.
The worker ant poisons you!
You take 5 damage, and have 59/64 hp.
You slash the worker ant!
You feel better.
You feel sick. The worker ant barely misses you.
You regained 4 hp, and now have 63/64 hp.
You closely miss the worker ant.
You tail-slap the worker ant, but do no damage.
The worker ant closely misses you. The worker ant bites you.
You are more poisoned.
The worker ant poisons you!
You take 1 damage, and have 62/64 hp.
You slash the worker ant!
You feel better.
You kill the worker ant!
You feel sick.
You feel sick.
You see here a worker ant corpse.
You take 1 damage, and have 62/64 hp.
You feel sick.
You take 1 damage, and have 61/64 hp.
You feel sick.
You see here a worker ant corpse.
You take 1 damage, and have 60/64 hp.
You butcher the worker ant corpse.
N - 2 chunks of flesh {@w0} You feel sick.
You start resting.
You feel sick. x8
You are no longer poisoned.
You take 4 damage, and have 56/64 hp.
Found an escape hatch in the ceiling.
A kobold comes into view.
The kobold shouts!
A goblin comes into view. It is wielding a club.
The goblin shouts!
You hit the kobold.
You feel better.
You tail-slap the kobold.
You kill the kobold!
You regained 3 hp, and now have 60/64 hp.
You slash the goblin!
You feel better.
You kill the goblin!
No target in view!
Things that are here:
a club; a goblin corpse You butcher the goblin corpse.
N - 4 chunks of flesh {@w0} (gained 2)
Things that are here:
a club; a goblin skeleton An orc warrior and an orc priest come into view.
There is an escape hatch in the floor here.
Things that are here:
18 gold pieces; a kobold corpse
There is an escape hatch in the floor here.
Things that are here:
18 gold pieces; a kobold corpse You butcher the kobold corpse.
The orc priest shouts!
You hear a shout!
There is an escape hatch in the floor, spattered with blood here.
Things that are here:
18 gold pieces; 2 inedible chunks of flesh {@w0} You closely miss the orc warrior.
You tail-slap the orc warrior.
The orc warrior hits you with a war axe.
You take 1 damage, and have 61/64 hp.
You barely miss the orc warrior.
The orc warrior hits you with a war axe!
You take 17 damage, and have 44/64 hp.
MASSIVE DAMAGE!!
You hit the orc priest. You hit the orc warrior.
The orc priest calls upon Beogh to heal the orc warrior.
The orc warrior's wounds heal themselves!
The orc warrior hits you with a war axe.
An orc comes into view. It is wielding a mace.
The orc shouts!
You take 4 damage, and have 40/64 hp.
You closely miss the orc priest. You barely miss the orc warrior.
The orc priest hits you but does no damage.
The orc warrior hits you with a war axe!
The orc priest hits you but does no damage.
You take 11 damage, and have 29/64 hp.
You barely miss the orc priest.
Your tail-slap misses the orc priest.
You hit the orc warrior but do no damage.
The orc warrior hits you with a war axe!!
* * * LOW HITPOINT WARNING * * *
The orc priest hits you but does no damage.
You take 18 damage, and have 11/64 hp.
MASSIVE DAMAGE!!
A phantom comes into view.
The phantom barely misses you.
The orc priest calls down the wrath of Beogh upon you.
Beogh smites you!
You die...

#.#.## ...# #....# ...
#....# ..# #....# ..# #
#....# ..# (o ###
#....# ###..##'##
#.####
#....###.........
#.##.#
#.....##.o.......
#.##.#
#(....W@.oo<.....
#.##e#
#....###)...###..
#.##.# #....#
#......... #.##.#
#.#.## #....#### #.##.#
#.#.# #....# #.##)#
#.#.####....# #.##.#
#............
#<##<######...........
#.##[..)...............


You could see a phantom, an orc warrior, an orc priest and an orc.

Vanquished Creatures
  A troll (D:7)
  Grinder (D:4)
  Sigmund (D:4)
  Menkaure (D:4)
  An orc warrior (D:6)
  3 ice beasts
  2 sky beasts
  2 ogres (D:4)
  Blork the orc (D:4)
  2 giant frogs
  A gnoll sergeant (D:7)
  Dowan (D:7)
  2 scorpions (D:5)
  4 wights (D:7)
  A quasit (D:6)
  Crazy Yiuf (D:4)
  2 centaur skeletons (D:4)
  An orc priest (D:5)
  5 hounds
  7 orc wizards
  Natasha (thrice) (D:4)
  2 iguanas (D:4)
  5 worker ants
  A hound skeleton (D:4)
  4 gnolls (D:7)
  13 adders
  11 oozes
  2 adder skeletons (D:4)
  3 dart slugs
  14 giant geckos
  32 orcs
  11 bats
  19 giant cockroaches
  15 goblins
  11 hobgoblins
  3 jackals (D:5)
  4 quokkas
  7 ball pythons (Sewer)
  A ball python zombie (D:5)
  A giant gecko skeleton (D:4)
  A giant gecko zombie (D:7)
  17 giant newts
  13 kobolds
  A quokka skeleton (D:5)
  2 quokka zombies (D:5)
  8 rats
244 creatures vanquished.

Vanquished Creatures (collateral kills)
  A gnoll (D:1)
1 creature vanquished.

Vanquished Creatures (others)
  A hydra (D:3)
  A plant (D:7)
2 creatures vanquished.

Grand Total: 247 creatures vanquished

Notes
Turn   | Place    | Note
--------------------------------------------------------------
     0 | D:1      | Charmandara the Draconian Transmuter began the quest for the Orb.
     0 | D:1      | Reached XP level 1. HP: 16/16 MP: 3/3
   111 | D:1      | Reached XP level 2. HP: 16/23 MP: 3/5
   322 | D:2      | Learned a level 2 spell: Sticks to Snakes
   338 | D:2      | Found a shadowy altar of Dithmenos.
   351 | D:2      | Reached skill level 4 in Unarmed Combat
   423 | D:2      | Reached XP level 3. HP: 24/28 MP: 4/6
   435 | D:2      | Learned a level 3 spell: Spider Form
  1950 | D:3      | Reached XP level 4. HP: 35/35 MP: 7/7
  1972 | D:3      | Reached skill level 5 in Unarmed Combat
  1988 | D:3      | HP: 13/52 [poisoned by an orc]
  1994 | D:3      | HP: 10/52 [poisoned by an orc]
  2000 | D:3      | HP: 5/35 [poisoned by an orc]
  2008 | D:3      | HP: 4/35 [poisoned by an orc]
  2016 | D:3      | HP: 3/35 [poisoned by an orc]
  2632 | D:3      | Found an ancient bone altar of Kikubaaqudgha.
  2647 | D:3      | grandjackal: i see today is a day for draconians
  2647 | D:3      | grandjackal: seems everyone is playing em today
  2647 | D:3      | Charmandara: i still havent won with one online
  2647 | D:3      | Charmandara: im chasing this one 15 runer i had forever ago offline
  2647 | D:3      | Charmandara: grey DrTm of chei
  2647 | D:3      | Charmandara: giant dragon with decent ac and resists shooting stone arrows
  2647 | D:3      | grandjackal: ahhh
  2647 | D:3      | grandjackal: i won with one draconian and it was a fluke
  2647 | D:3      | grandjackal: i found hte lajatang of order on like D3 and i became green
  2647 | D:3      | Charmandara: nice
  2647 | D:3      | grandjackal: yeah, but it's the sort of thing that feels like a fluke
  2647 | D:3      | Charmandara: hey usually when that sort of uncannily good thing happens to me i get overconfident and careless
  2647 | D:3      | grandjackal: XD
  2647 | D:3      | grandjackal: im at another impass. namely trying to decide what to learn. got hexes, charms, fire earth air going
  2647 | D:3      | grandjackal: i started fire but i got deflect missiles so i started leveling air and charms
  2647 | D:3      | grandjackal: purple draco so i get to do that
  2647 | D:3      | grandjackal: but i now have an air staff and access to good air shit
  2647 | D:3      | grandjackal: but air is still not strong as the other stuff yet
  2647 | D:3      | Charmandara: hrmm
  2647 | D:3      | grandjackal: like im unsure if i wanna focus something or just branch out everywhere
  2647 | D:3      | grandjackal: like i have fireball and shit
  2647 | D:3      | grandjackal: but ball lightning...
  2647 | D:3      | grandjackal: also found annihilations so i have access to any good elemental master spell
  2647 | D:3      | grandjackal: got ring of fire
  2647 | D:3      | grandjackal: like, im so stacked for lategame that i dont know what i wanna do
  2647 | D:3      | Charmandara: im in your game window now
  2842 | D:3      | Found an oddly glowing altar of Pakellas.
  2843 | D:3      | Noticed a six-headed hydra
  2856 | D:3      | Killed a six-headed hydra
  2972 | D:3      | Upgraded the game from 0.19-a0-305-g4c536b9 to 0.19-a0-330-g034cfd4
  3194 | D:4      | Reached XP level 5. HP: 31/40 MP: 5/8
  3226 | D:4      | Found a bloodstained altar of Trog.
  3297 | D:4      | Reached skill level 6 in Unarmed Combat
  3309 | D:4      | Noticed Menkaure
  3316 | D:4      | Noticed Natasha
  3316 | D:4      | Killed Menkaure
  3316 | D:4      | Reached XP level 6. HP: 18/47 MP: 1/9
  3319 | D:4      | Reached skill level 7 in Unarmed Combat
  3327 | D:4      | Killed Natasha
  3492 | D:4      | Noticed Natasha
  3507 | D:4      | Killed Natasha
  3595 | D:4      | Reached skill level 8 in Unarmed Combat
  3595 | D:4      | Your scales start taking on a rich purple colour.
  3595 | D:4      | Reached XP level 7. HP: 22/52 MP: 0/10
  3631 | D:4      | Noticed Sigmund
  3636 | D:4      | Found a glowing drain.
  3705 | Sewer    | Entered a sewer
  4621 | D:4      | Noticed Natasha
  4629 | D:4      | Killed Natasha
  4629 | D:4      | Reached skill level 9 in Unarmed Combat
  4835 | D:4      | Noticed Blork the orc
  4837 | D:4      | Killed Blork the orc
  4898 | D:4      | Reached skill level 1 in Axes
  4928 | D:4      | Killed Sigmund
  4928 | D:4      | Reached skill level 2 in Axes
  4928 | D:4      | Reached XP level 8. HP: 59/59 MP: 11/11
  4988 | D:4      | Noticed Crazy Yiuf
  4998 | D:4      | Paralysed by Crazy Yiuf for 6 turns
  5001 | D:4      | HP: 11/59 [Crazy Yiuf/quarterstaff of chaos (7)]
  5035 | D:4      | Killed Crazy Yiuf
  5373 | D:4      | Reached skill level 3 in Axes
  5405 | D:4      | Noticed Grinder
  5432 | D:4      | Killed Grinder
  5432 | D:4      | Reached skill level 4 in Axes
  5984 | D:5      | Entered Level 5 of the Dungeon
  6073 | D:5      | Reached skill level 5 in Axes
  6243 | D:5      | Found Igyox's Antique Armour Shoppe.
  6274 | D:5      | Reached skill level 6 in Axes
  6274 | D:5      | Reached skill level 10 in Unarmed Combat
  6959 | D:6      | Got a dazzling hand axe
  7011 | D:6      | Found a stormy altar of Qazlal.
  7015 | D:6      | Noticed an air elemental
  7101 | D:6      | Reached XP level 9. HP: 56/64 MP: 12/12
  7308 | D:6      | Reached skill level 7 in Axes
  8034 | D:7      | HP: 15/64 [gnoll sergeant/spear (5)]
  8040 | D:7      | Reached skill level 8 in Axes
  8210 | D:7      | Noticed Dowan
  8213 | D:7      | Noticed Duvessa
  8228 | D:7      | Killed Dowan
  8241 | D:7      | HP: 14/64 [worker ant (7)]
  8252 | D:6      | HP: 16/64 [worker ant (1)]
  8257 | D:6      | HP: 14/64 [something (1)]
  8264 | D:6      | HP: 12/64 [poisoned by a worker ant]
  8272 | D:6      | HP: 11/64 [poisoned by a worker ant]
  8635 | D:7      | Found a sacrificial altar of Ru.
  8643 | D:7      | Became a worshipper of Ru the Awakened
  8807 | D:7      | Noticed a troll
  8840 | D:7      | HP: 7/64 [troll (11)]
  8842 | D:7      | Killed a troll
  8842 | D:7      | Reached skill level 9 in Axes
  8897 | D:7      | Noticed a hill giant
  9292 | D:7      | HP: 11/64 [orc warrior/war axe (19)]
  9294 | D:7      | Killed from afar by an orc priest

Vault maps used:
D:1:      lemuel_arrival_room, hangedman_abyss_or_decor_stabs
D:2:      nicolae_dithmenos_shadow_blocks
D:3:      gammafunk_pakellas_spire_experiment, nicolae_overflow_hidden_temple,
          first_bread, kennysheep_generic_room_16
D:4:      lemuel_upstairs_altar, lightli_temple_of_fire, portal_sewer_entry_f,
          kennysheep_generic_room_10, uniq_sigmund, uniq_crazy_yiuf_cottage,
          uniq_blork_the_orc, uniq_grinder, uniq_menkaure, uniq_natasha
D:5:      serial_shops, shop
D:6:      nicolae_qazlal_style_of_elements
D:7:      corexii_shantytown, nicolae_ru_path_of_blood, lemuel_round_altar,
          minmay_temple_entry_mist, uniq_duvessa
Sewer:    sewer_frog_island_02

Skill      XL: |  1  2  3  4  5  6  7  8  9 |
---------------+----------------------------+-----
Unarmed Combat | 4 5 6 8 9 10 | 10.0
Axes           | 2 6 9 |  9.4
Fighting       | |  1.1
Dodging        | |  1.7
Spellcasting   | |  2.4
Transmutations | |  2.0

Action                   |  1- 3 |  4- 6 |  7- 9 || total
-------------------------+-------+-------+-------++-------
Melee: Unarmed           |   133 |   174 |   219 ||   526
       Headbutt          |     4 |     6 |     2 ||    12
       Kick              |     8 |    10 |     2 ||    20
       Punch             |     3 |       |     8 ||    11
       Tailslap          |    10 |    15 |    43 ||    68
       Broad axe         |       |       |   405 ||   405
Throw: Tomahawk          |       |       |     4 ||     4
 Cast: Beastly Appendage |    21 |    14 |     4 ||    39
       Sticks to Snakes  |     4 |    14 |     4 ||    22
       Spider Form       |     1 |     1 |     3 ||     5
 Abil: Breathe Dispellin |       |       |     7 ||     7
Evoke: Wand              |       |     4 |    32 ||    36
  Use: Potion            |       |     4 |     5 ||     9
       Scroll            |       |    12 |    10 ||    22
 Stab: Sleeping          |     1 |       |       ||     1
  Eat: Chunk             |     4 |     6 |    18 ||    28
       Bread ration      |       |       |     2 ||     2
       Meat ration       |       |       |     1 ||     1
Armor: Skin              |    51 |    85 |   345 ||   481
Dodge: Dodged            |   102 |   133 |   571 ||   806

Vault maps used:
D:1:      lemuel_arrival_room, hangedman_abyss_or_decor_stabs
D:2:      nicolae_dithmenos_shadow_blocks
D:3:      gammafunk_pakellas_spire_experiment, nicolae_overflow_hidden_temple,
          first_bread, kennysheep_generic_room_16
D:4:      lemuel_upstairs_altar, lightli_temple_of_fire, portal_sewer_entry_f,
          kennysheep_generic_room_10, uniq_sigmund, uniq_crazy_yiuf_cottage,
          uniq_blork_the_orc, uniq_grinder, uniq_menkaure, uniq_natasha
D:5:      serial_shops, shop
D:6:      nicolae_qazlal_style_of_elements
D:7:      corexii_shantytown, nicolae_ru_path_of_blood, lemuel_round_altar,
          minmay_temple_entry_mist, uniq_duvessa
Sewer:    sewer_frog_island_02

Table legend:
 A = Turns spent in this place as a percentage of turns spent in the entire game.
 B = Non-inter-level travel turns spent in this place as a percentage of non-inter-level travel turns spent in the entire game.
 C = Inter-level travel turns spent in this place as a percentage of turns spent in this place.
 D = Turns resting spent in this place as a percentage of non-inter-level travel turns spent in this place.
 E = Turns spent auto-exploring this place as a percentage of non-inter-level travel turns spent in this place.
 F = Non-inter-level travel turns spent in this place divided by the number of levels of this place that you've seen.
                   A       B       C       D       E      F
               +-------+-------+-------+-------+-------+----------------------
         Total | 100.0 | 100.0 |   0.3 |   2.9 |   5.4 | 408.8
       Dungeon |  84.1 |  84.1 |   0.3 |   3.1 |   6.1 | 392.9
         Sewer |  15.9 |  15.9 |   0.0 |   2.1 |   1.3 | 520.0
               +-------+-------+-------+-------+-------+----------------------

Table legend:
 A = Kills in this place as a percentage of kills in entire the game.
 B = Kills by you in this place as a percentage of kills by you in the entire game.
 C = Kills by friends in this place as a percentage of kills by friends in the entire game.
 D = Other kills in this place as a percentage of other kills in the entire game.
 E = Experience gained in this place as a percentage of experience gained in the entire game.
 F = Experience gained in this place divided by the number of levels of this place that you have seen.
                   A       B       C       D       E      F
               +-------+-------+-------+-------+-------+----------------------
         Total | 100.0 | 100.0 | 100.0 |  -nan | 100.0 | 548.6
       Dungeon |  78.0 |  77.9 | 100.0 |  -nan |  93.4 | 585.4
         Sewer |  22.0 |  22.1 |   0.0 |  -nan |   6.6 | 291.0
               +-------+-------+-------+-------+-------+----------------------
